 Dungeon Crawl Stone Soup version bcrawl-1.31.4 (webtiles) character file.

Game seed: 10259751024426517615

168799 Morbidden the Slasher (level 7, -5/52 HPs)
             Began as a Demonspawn Skald on June 19, 2021.
             Was a Follower of Okawaru.
             Killed by divine providence
             ... invoked by an orc priest
              (10 damage)
             ... on level 5 of the Dungeon.
             The game lasted 00:07:19 (6056 turns).

Morbidden the Slasher (Demonspawn Skald)            Turns: 6056, Time: 00:07:19

Health: -5/52      AC:  9    Str: 13    XL:     7   Next: 76%
Magic:  16/21      EV: 32    Int: 15    God:    Okawaru [*.....]
Gold:   226        SH:  3    Dex: 17    Spells: 4/13 levels left

rFire    . . .     SeeInvis .   a - +0 long sword
rCold    . . .     Gourm    .   (no shield)
rNeg     . . .     Faith    .   b - +0 leather armour
rPois    .         Spirit   .   x - +0 helmet
rElec    .         Reflect  .   (no cloak)
rCorr    .         Harm     .   j - +0 pair of gloves
MR       .....                  (no boots)
Stlth    +++.......             u - amulet of the acrobat
HPRegen  0.17/turn              s - ring of magical power
MPRegen  0.17/turn              t - +5 ring of dexterity

@: heroism, very slightly contaminated
A: talons 1, yellow scales 2
a: Heroism, Renounce Religion


You were on level 5 of the Dungeon.
You worshipped Okawaru.
Okawaru was aware of your devotion.
You were hungry.

You visited 1 branch of the dungeon, and saw 5 of its levels.

You collected 226 gold pieces.

Inventory:

Hand Weapons
 a - a +0 long sword (weapon)
Armour
 b - a +0 leather armour (worn)
 j - a +0 pair of gloves (worn)
 x - a +0 helmet (worn)
Jewellery
 s - a ring of magical power (left hand)
 t - a +5 ring of dexterity (right hand)
 u - an amulet of the acrobat (around neck)
Scrolls
 c - 8 scrolls of remove curse {unknown}
 d - 2 scrolls of fear
 g - 3 scrolls of amnesia
 i - a scroll of identify
 l - 2 scrolls of blinking {unknown}
 p - 3 scrolls of teleportation {unknown}
 v - a scroll of magic mapping {unknown}
 w - a scroll of enchant armour {unknown}
Potions
 f - 2 potions of degeneration {unknown}
 h - 3 potions of curing {unknown}
 k - a potion of mutation {unknown}
 m - a potion of might {unknown}
 n - 3 potions of invisibility {unknown}
 q - a potion of heal wounds {unknown}
 r - a potion of haste {unknown}
 z - a potion of flight {unknown}
Comestibles
 e - 5 rations {!d}


   Skills:
 + Level 3.5(8.5) Fighting
 + Level 4.4(9.4) Long Blades
 + Level 2.2(7.2) Armour
 + Level 3.1(8.1) Dodging
 + Level 1.1(6.1) Stealth
 * Level 3.7 Spellcasting
 * Level 4.0 Charms
 * Level 1.2 Necromancy
 * Level 2.5 Invocations


You had 4 spell levels left.
You knew the following spells:

 Your Spells              Type           Power        Failure   Level  Hunger
a - Infusion              Chrm           ##......     4%          1    None
b - Song of Slaying       Chrm           ##......     7%          2    None
s - Spectral Weapon       Hex/Chrm       #.......     30%         3    ####...
z - Regeneration          Chrm/Necr      ##........   22%         3    ####...

Your spell library contained the following spells:

 Spells                   Type           Power        Failure   Level  Hunger
 Swiftness                Chrm/Air       #.......     16%         2    None
 Ozocubu's Armour         Chrm/Ice       #.......     30%         3    ####...


Dungeon Overview and Level Annotations

Branches:
Dungeon (5/12)
 Temple: D:4-7

Altars:
Cheibriados
Fedhas
Kikubaaqudgha
Lugonu
Okawaru
Trog
The Shining One

Annotations:
D:4 1 runed door


Innate Abilities, Weirdness & Mutations

You have sharp toenails.
You are mostly covered in yellow scales. (AC +3)


Message History

* * * LOW HITPOINT WARNING * * *
The orc misses you.
The ogre hits you with a +0 giant spiked club!
* * * LOW HITPOINT WARNING * * *
Unknown command.
Unknown command.
You block the orc's attack. The iguana misses you.
The orc priest calls down the wrath of Beogh upon you.
Pain shoots through your body!
* * * LOW HITPOINT WARNING * * *
You climb downwards.
There is a stone staircase leading up, spattered with blood here.
Unknown command.
Unknown command.
Unknown command.
The orc misses you.
The centaur shoots an arrow.
The arrow completely misses you.
The orc priest mumbles some strange prayers to Beogh against you.
Beogh smites you!
You die...

...#.. ....%.. .
.#......# ..
#.......###.
..#..........
#.#.........# (.
............###....
....#.....o@........
#........o.####....
#.....oOc........
##....)[l..###.###.
#.........##?.#...
##.......#......#..
#.......#.....#!.##..
#.###.#.......#..#..#
.. ...##....<.......#


You could see an ogre, a centaur, an iguana, an orc priest and 2 orcs.

Vanquished Creatures
  Edmund (D:4)
  A sky beast (D:3)
  An ogre (D:4)
  A bullfrog (D:3)
  A howler monkey (D:4)
  A bullfrog zombie (D:5)
  A crimson imp (D:3)
  A hound (D:4)
  2 orc wizards (D:3)
  An iguana (D:4)
  A bullfrog skeleton (D:2)
  4 worker ants (D:4)
  Robin (D:3)
  3 adders (D:3)
  4 gnolls
  An ooze (D:1)
  An adder skeleton (D:3)
  3 worms
  A dart slug (D:1)
  3 leopard geckos
  9 orcs
  A ball python (D:2)
  2 bats (D:1)
  A giant cockroach (D:3)
  11 goblins
  12 hobgoblins
  8 jackals
  9 kobolds
  A quokka (D:2)
  4 rats
91 creatures vanquished.

Vanquished Creatures (others)
  2 plants (D:3)
  A spectral weapon (D:5)
  4 toadstools (D:1)
7 creatures vanquished.

Grand Total: 98 creatures vanquished

Notes
Turn   | Place    | Note
-------+----------+-------------------------------------------
     0 | D:1      | Morbidden the Demonspawn Skald began the quest for the Orb.
     0 | D:1      | Reached XP level 1. HP: 16/16 MP: 3/3
   239 | D:1      | Gained mutation: You have sharp toenails. [demonic
                  | ancestry]
   239 | D:1      | Reached XP level 2. HP: 13/22 MP: 0/5
   937 | D:1      | Reached XP level 3. HP: 27/27 MP: 6/6
  1200 | D:2      | Reached skill level 1 in Armour
  1968 | D:2      | Learned a level 2 spell: Song of Slaying
  2385 | D:2      | Reached XP level 4. HP: 3/33 MP: 4/7
  3119 | D:3      | Found a bloodstained altar of Trog.
  3440 | D:3      | Found a corrupted altar of Lugonu.
  3509 | D:3      | Noticed a bullfrog
  3520 | D:3      | Killed a bullfrog
  3521 | D:3      | Gained mutation: You are partially covered in yellow
                  | scales. (AC +2) [demonic ancestry]
  3521 | D:3      | Reached XP level 5. HP: 8/40 MP: 2/9
  3900 | D:3      | Found a faded altar of an unknown god.
  4049 | D:3      | Gained mutation: You are mostly covered in yellow scales.
                  | (AC +3) [demonic ancestry]
  4049 | D:3      | Reached XP level 6. HP: 46/46 MP: 10/10
  4125 | D:3      | Noticed Robin
  4134 | D:3      | Killed Robin
  4210 | D:3      | Found a glowing golden altar of the Shining One.
  4210 | D:3      | Found a snail-covered altar of Cheibriados.
  4211 | D:3      | Found an iron altar of Okawaru.
  4329 | D:3      | Became a worshipper of Warmaster Okawaru
  4393 | D:4      | Noticed a sky beast
  4422 | D:4      | Noticed a sky beast
  4429 | D:3      | Killed a sky beast
  4430 | D:3      | Reached skill level 1 in Invocations
  4868 | D:4      | Reached XP level 7. HP: 48/52 MP: 12/12
  5019 | D:4      | Reached skill level 1 in Stealth
  5024 | D:4      | Learned a level 3 spell: Regeneration
  5028 | D:4      | Learned a level 3 spell: Spectral Weapon
  5162 | D:4      | Found a runed door.
  5249 | D:4      | Found a blossoming altar of Fedhas.
  5249 | D:4      | Found an ancient bone altar of Kikubaaqudgha.
  5574 | D:5      | Entered Level 5 of the Dungeon
  5574 | D:5      | Noticed Edmund
  5834 | D:4      | Killed Edmund
  5834 | D:4      | Reached * piety under Okawaru
  5835 | D:4      | Reached skill level 1 in Necromancy
  6056 | D:5      | Killed from afar by an orc priest

Skill      XL: |  1  2  3  4  5  6  7 |
---------------+----------------------+-----
Long Blades    | 2 3 4 |  4.4
Charms         | 3 4 |  4.0
Armour         | 1 2 |  2.2
Dodging        | 2 3 |  3.1
Spellcasting   | 3 |  3.7
Fighting       | 3 |  3.5
Invocations    | 1 2 |  2.5
Stealth        | 1 |  1.1
Necromancy     | 1 |  1.2

Action                   |  1- 3 |  4- 6 |  7- 9 || total
-------------------------+-------+-------+-------++-------
Melee: Long sword        |   127 |   163 |   116 ||   406
       Kick              |    16 |    35 |    47 ||    98
 Cast: Infusion          |    18 |     6 |     5 ||    29
       Song of Slaying   |     2 |     7 |       ||     9
       Regeneration      |       |       |     1 ||     1
       Spectral Weapon   |       |       |     1 ||     1
Invok: Heroism           |       |       |     1 ||     1
  Use: Scroll            |       |     2 |       ||     2
 Stab: Sleeping          |       |     2 |       ||     2
  Eat: Chunk             |     9 |    11 |     6 ||    26
       Ration            |       |       |     1 ||     1
Armor: Leather armour    |    25 |    49 |    39 ||   113
Dodge: Dodged            |   104 |    96 |   117 ||   317
Block: Other             |       |    14 |    11 ||    25
